| TOP OF THE 1ST |
|---|
| Florida State Seminoles batting - Pitching for Georgia Bulldogs : RHP John Bayard | | Pitching: RHP John Bayard | | | Batting: LHB Matt Stancliff | 0-0: Ball 1-0: Foul Ball, location: 2F 1-1: SINGLE (Groundball, 2R) (infield hit) | | Batting: RHB Austin Ricks | 0-0: Ball 1-0: Ball 2-0: Ball 3-0: Base on Balls Matt Stancliff to second | | Batting: RHB Scott Harroun | 0-0: Ball 1-0: Called Strike 1-1: Fly out, F8 (Line Drive, 89M) | | Batting: RHB Garrett Fortson | 0-0: Ball 1-0: SINGLE (Line Drive, 89M) Matt Stancliff to third Austin Ricks to second | | Batting: RHB Nick Seales | 0-0: Grounds into double play, 5-4-3 (Groundball, 56) | | Top of the 1st over - 0 runs, 2 hits, 0 errors, 2 left on base; Florida State 0 - Georgia 0 | | BOTTOM OF THE 1ST |
|---|
| Georgia Bulldogs batting - Pitching for Florida State Seminoles : RHP Jimmy Dickson | | Pitching: RHP Jimmy Dickson | | | Batting: LHB Chris Bonner | 0-0: Foul Ball, location: 2F 0-1: Foul Ball, location: 2F 0-2: Ball 1-2: Ball 2-2: Foul Ball, location: 2F 2-2: Ball 3-2: Foul Ball, location: 2F 3-2: Base on Balls | | Batting: RHB Scott Martin | 0-0: Ball 1-0: Called Strike 1-1: Ball 2-1: Grounds into double play, 5-4-3 (Groundball, 5L) | | Batting: RHB Adrian Torres | 0-0: Called Strike 0-1: SINGLE (Line Drive, 6M) | | Batting: LHB Ryan Doerr | 0-0: Ball 1-0: Ball 2-0: Foul Ball, location: 2F 2-1: Foul Ball, location: 2F 2-2: Ball 3-2: Base on Balls Adrian Torres to second | | Batting: RHB Dan Hall | 0-0: Ball 1-0: Fly out, F8 (Flyball, 8LM) | | Bottom of the 1st over - 0 runs, 1 hit, 0 errors, 2 left on base; Florida State 0 - Georgia 0 | | TOP OF THE 2ND |
|---|
| Florida State Seminoles batting - Pitching for Georgia Bulldogs : RHP John Bayard | | Batting: RHB Andy Harris | 0-0: Ball 1-0: Foul Ball, location: 2F 1-1: Fly out, F7 (Flyball, 7) | | Batting: RHB Ryan Babcock | 0-0: Ball 1-0: Ball 2-0: SINGLE (Flyball, 9LS) | | Batting: LHB Justin Valdez | 0-0: Ball 1-0: Ball 2-0: Foul Ball, location: 2F 2-1: Foul Ball, location: 2F 2-2: Ball 3-2: Strikes out looking | | Batting: RHB Matt Bruckman | 0-0: Ball 1-0: SINGLE (Flyball, 7S) Ryan Babcock to second | | Batting: LHB Matt Stancliff | 0-0: Ball 1-0: 3-RUN HOME RUN (Line Drive, 9LD), Distance : 347 ft | | Batting: RHB Austin Ricks | 0-0: Ball 1-0: Ball 2-0: Ball 3-0: Called Strike 3-1: Fly out, F7 (Line Drive, 7LD) | | Top of the 2nd over - 3 runs, 3 hits, 0 errors, 0 left on base; Florida State 3 - Georgia 0 | | BOTTOM OF THE 2ND |
|---|
| Georgia Bulldogs batting - Pitching for Florida State Seminoles : RHP Jimmy Dickson | | Batting: SHB Mike Hockenbury | 0-0: Swinging Strike 0-1: Ball 1-1: Ball 2-1: Ball 3-1: Base on Balls | | Batting: RHB David Wolf | 0-0: Grounds into double play, 5-4-3 (Groundball, 56) | | Batting: RHB Scott Schiavi | 0-0: Ground out 6-3 (Groundball, 6MD) | | Bottom of the 2nd over - 0 runs, 0 hits, 0 errors, 0 left on base; Florida State 3 - Georgia 0 | | TOP OF THE 3RD |
|---|
| Florida State Seminoles batting - Pitching for Georgia Bulldogs : RHP John Bayard | | Batting: RHB Scott Harroun | 0-0: Ball 1-0: Called Strike 1-1: Ball 2-1: SINGLE (Line Drive, 34) | | Batting: RHB Garrett Fortson | 0-0: Swinging Strike 0-1: Grounds into double play, 4-6-3 (Groundball, 4) | | Batting: RHB Nick Seales | 0-0: Ground out 1-3 (Groundball, 15S) | | Top of the 3rd over - 0 runs, 1 hit, 0 errors, 0 left on base; Florida State 3 - Georgia 0 | | BOTTOM OF THE 3RD |
|---|
| Georgia Bulldogs batting - Pitching for Florida State Seminoles : RHP Jimmy Dickson | | Batting: RHB Eddie Grubbs | 0-0: Ball 1-0: Ball 2-0: Called Strike 2-1: Ground out 5-3 (Groundball, 56S) | | Batting: LHB Chris Bonner | 0-0: Ball 1-0: Called Strike 1-1: Fly out, F7 (Line Drive, 7) | | Batting: RHB Scott Martin | 0-0: Called Strike 0-1: Fly out, F5 (Popup, 56) | | Bottom of the 3rd over - 0 runs, 0 hits, 0 errors, 0 left on base; Florida State 3 - Georgia 0 | | TOP OF THE 4TH |
|---|
| Florida State Seminoles batting - Pitching for Georgia Bulldogs : RHP John Bayard | | Batting: RHB Andy Harris | 0-0: Called Strike 0-1: Called Strike 0-2: Ball 1-2: Strikes out looking | | Batting: RHB Ryan Babcock | 0-0: Foul Ball, location: 2F 0-1: Ball 1-1: Fly out, F8 (Flyball, 8RM) | | Batting: LHB Justin Valdez | 0-0: Swinging Strike 0-1: Called Strike 0-2: Ball 1-2: Ball 2-2: Foul Ball, location: 2F 2-2: Foul Ball, location: 2F 2-2: Ground out 3-1 (Groundball, 34) | | Top of the 4th over - 0 runs, 0 hits, 0 errors, 0 left on base; Florida State 3 - Georgia 0 | | BOTTOM OF THE 4TH |
|---|
| Georgia Bulldogs batting - Pitching for Florida State Seminoles : RHP Jimmy Dickson | | Batting: RHB Adrian Torres | 0-0: Ball 1-0: Ball 2-0: SINGLE (Groundball, 56D) | | Batting: LHB Ryan Doerr | 0-0: Ball 1-0: Called Strike 1-1: Foul Ball, location: 2F 1-2: Strikes out swinging | | Batting: RHB Dan Hall | 0-0: Grounds into double play, 4-6-3 (Groundball, 4M) | | Bottom of the 4th over - 0 runs, 1 hit, 0 errors, 0 left on base; Florida State 3 - Georgia 0 | | TOP OF THE 5TH |
|---|
| Florida State Seminoles batting - Pitching for Georgia Bulldogs : RHP John Bayard | | Batting: RHB Matt Bruckman | 0-0: Ball 1-0: Foul Ball, location: 2F 1-1: Called Strike 1-2: Strikes out swinging | | Batting: LHB Matt Stancliff | 0-0: Called Strike 0-1: Called Strike 0-2: Ball 1-2: Foul Ball, location: 2F 1-2: Ground out 5-3 (Groundball, 5L) | | Batting: RHB Austin Ricks | 0-0: Ball 1-0: Ball 2-0: Foul Ball, location: 2F 2-1: Ball 3-1: Called Strike 3-2: Base on Balls | | Batting: RHB Scott Harroun | 0-0: Ball 1-0: Ground out 5-3 (Groundball, 5S) | | Top of the 5th over - 0 runs, 0 hits, 0 errors, 1 left on base; Florida State 3 - Georgia 0 | | BOTTOM OF THE 5TH |
|---|
| Georgia Bulldogs batting - Pitching for Florida State Seminoles : RHP Jimmy Dickson | | Batting: SHB Mike Hockenbury | 0-0: Ball 1-0: Bunt for hit - play at first, batter OUT! 5-3 | | Batting: RHB David Wolf | 0-0: Called Strike 0-1: Ball 1-1: Ball 2-1: Fly out, F8 (Flyball, 8LM) | | Batting: RHB Scott Schiavi | 0-0: Called Strike 0-1: Ball 1-1: Ball 2-1: Foul Ball, location: 2F 2-2: Fly out, F5 (Popup, 5SF) | | Bottom of the 5th over - 0 runs, 0 hits, 0 errors, 0 left on base; Florida State 3 - Georgia 0 | | TOP OF THE 6TH |
|---|
| Florida State Seminoles batting - Pitching for Georgia Bulldogs : RHP John Bayard | | Batting: RHB Garrett Fortson | 0-0: Called Strike 0-1: Ball 1-1: Foul Ball, location: 2F 1-2: Ball 2-2: Strikes out swinging | | Batting: RHB Nick Seales | 0-0: Ball 1-0: Ball 2-0: Called Strike 2-1: Swinging Strike 2-2: Ground out 4-3 (Groundball, 4) | | Batting: RHB Andy Harris | 0-0: Ball 1-0: Ball 2-0: Foul Ball, location: 2F 2-1: Ball 3-1: Base on Balls | | Batting: RHB Ryan Babcock | 0-0: Ball 1-0: Ball 2-0: Ball 3-0: Base on Balls Andy Harris to second | | Batting: LHB Justin Valdez | 0-0: Called Strike 0-1: Ball 1-1: Foul Ball, location: 2F 1-2: Strikes out looking | | Top of the 6th over - 0 runs, 0 hits, 0 errors, 2 left on base; Florida State 3 - Georgia 0 | | BOTTOM OF THE 6TH |
|---|
| Georgia Bulldogs batting - Pitching for Florida State Seminoles : RHP Jimmy Dickson | | Batting: RHB Eddie Grubbs | 0-0: Called Strike 0-1: Called Strike 0-2: Ball 1-2: Foul Ball, location: 2F 1-2: Strikes out swinging | | Batting: LHB Chris Bonner | 0-0: Ball 1-0: Fly out, F8 (Flyball, 8RM) | | Batting: RHB Scott Martin | 0-0: Fly out, F8 (Flyball, 8LM) | | Bottom of the 6th over - 0 runs, 0 hits, 0 errors, 0 left on base; Florida State 3 - Georgia 0 | | TOP OF THE 7TH |
|---|
| Florida State Seminoles batting - Pitching for Georgia Bulldogs : RHP John Bayard | | Batting: RHB Matt Bruckman | 0-0: Ball 1-0: Ball 2-0: Called Strike 2-1: Ball 3-1: Foul Ball, location: 2F 3-2: Foul Ball, location: 2F 3-2: Base on Balls | | Batting: LHB Matt Stancliff | 0-0: Bunted foul 0-1: Bunted foul 0-2: Foul Ball, location: 2F 0-2: Ball 1-2: Ball 2-2: Foul Ball, location: 2F 2-2: Fielders Choice at 2nd, 5-4 (Groundball, 5) | | Batting: RHB Austin Ricks | 0-0: Ball 1-0: Ball 2-0: Ball 3-0: Base on Balls Matt Stancliff to second | | Batting: RHB Scott Harroun | 0-0: Ball 1-0: Ball 2-0: Called Strike 2-1: Fly out, F7 (Flyball, 78D) | | Pitching: RHP Evan Hennelly | | | Batting: RHB Garrett Fortson | 0-0: Called Strike 0-1: Ground out 5-3 (Groundball, 25) | | Top of the 7th over - 0 runs, 0 hits, 0 errors, 2 left on base; Florida State 3 - Georgia 0 | | BOTTOM OF THE 7TH |
|---|
| Georgia Bulldogs batting - Pitching for Florida State Seminoles : RHP Jimmy Dickson | | Batting: RHB Adrian Torres | 0-0: SINGLE (Line Drive, 4) | | Batting: LHB Ryan Doerr | 0-0: Foul Ball, location: 2F 0-1: Ball Wild Pitch! Adrian Torres to second 1-1: Foul Ball, location: 2F 1-2: Foul Ball, location: 2F 1-2: Fly out, F9 (Flyball, 89M) | | Batting: RHB Dan Hall | 0-0: Foul Ball, location: 2F 0-1: Ground out 4-3 (Groundball, 4) Adrian Torres to third | | Batting: SHB Mike Hockenbury | 0-0: Called Strike 0-1: Ball 1-1: Foul Ball, location: 2F 1-2: Foul Ball, location: 2F 1-2: Fly out, F9 (Flyball, 89M) | | Bottom of the 7th over - 0 runs, 1 hit, 0 errors, 1 left on base; Florida State 3 - Georgia 0 | | TOP OF THE 8TH |
|---|
| Florida State Seminoles batting - Pitching for Georgia Bulldogs : RHP Evan Hennelly | | Batting: RHB Nick Seales | 0-0: Foul Ball, location: 2F 0-1: Ball 1-1: Fly out, F3 (Popup, 3F) | | Batting: RHB Andy Harris | 0-0: Fly out, F3 (Popup, 3) | | Batting: RHB Ryan Babcock | 0-0: Ball 1-0: Ball 2-0: Ball 3-0: Base on Balls | | Batting: LHB Justin Valdez | 0-0: Ball 1-0: Called Strike 1-1: Ball 2-1: Called Strike 2-2: Foul Ball, location: 2F 2-2: Foul Ball, location: 2F 2-2: Ground out 4-3 (Groundball, 4M) | | Top of the 8th over - 0 runs, 0 hits, 0 errors, 1 left on base; Florida State 3 - Georgia 0 | | BOTTOM OF THE 8TH |
|---|
| Georgia Bulldogs batting - Pitching for Florida State Seminoles : RHP Jimmy Dickson | | Now in LF: Sam Andrade | | | Batting: RHB David Wolf | 0-0: Swinging Strike 0-1: Foul Ball, location: 2F 0-2: Foul Ball, location: 2F 0-2: Ball 1-2: Fly out, F8 (Flyball, 8RM) | | Batting: RHB Scott Schiavi | 0-0: Called Strike 0-1: Ground out 6-3 (Groundball, 6) | | Batting: RHB Eddie Grubbs | 0-0: Called Strike 0-1: Ball 1-1: Swinging Strike 1-2: Strikes out swinging | | Bottom of the 8th over - 0 runs, 0 hits, 0 errors, 0 left on base; Florida State 3 - Georgia 0 | | TOP OF THE 9TH |
|---|
| Florida State Seminoles batting - Pitching for Georgia Bulldogs : RHP Evan Hennelly | | Batting: RHB Matt Bruckman | 0-0: Called Strike 0-1: Ground out U3 (Groundball, 3) | | Batting: LHB Matt Stancliff | 0-0: Ball 1-0: Ground out U3 (Groundball, 34) | | Batting: RHB Austin Ricks | 0-0: Called Strike 0-1: Ball 1-1: Foul Ball, location: 2F 1-2: Ball 2-2: Ball 3-2: Base on Balls | | Batting: RHB Scott Harroun | 0-0: Called Strike 0-1: Ball 1-1: Foul Ball, location: 2F 1-2: SINGLE (Line Drive, 7S) Austin Ricks to second | | Batting: RHB Garrett Fortson | 0-0: Ball 1-0: Swinging Strike 1-1: SINGLE (Groundball, 6MD) Austin Ricks to third Scott Harroun to second Runner from 3rd tries for Home, SAFE, no throw | | Batting: RHB Nick Seales | 0-0: Ball 1-0: Fly out, F6 (Line Drive, 6M) | | Top of the 9th over - 1 run, 2 hits, 0 errors, 2 left on base; Florida State 4 - Georgia 0 | | BOTTOM OF THE 9TH |
|---|
| Georgia Bulldogs batting - Pitching for Florida State Seminoles : RHP Jimmy Dickson | | Batting: LHB Chris Bonner | 0-0: SINGLE (Groundball, 56S) (infield hit) | | Batting: RHB Scott Martin | 0-0: Ball 1-0: Called Strike 1-1: Ball 2-1: Ball 3-1: Base on Balls Chris Bonner to second | | Batting: RHB Adrian Torres | 0-0: Ball 1-0: Swinging Strike 1-1: Ball 2-1: Ball 3-1: Foul Ball, location: 2F 3-2: Base on Balls Chris Bonner to third Scott Martin to second | | Pitching: RHP Adam Baker | | | Batting: LHB Ryan Doerr | 0-0: Called Strike 0-1: Ball 1-1: Ball 2-1: Ball 3-1: Base on Balls Chris Bonner scores Scott Martin to third Adrian Torres to second | | Batting: RHB Dan Hall | 0-0: Called Strike 0-1: Ball 1-1: Foul Ball, location: 2F 1-2: Foul Ball, location: 2F 1-2: SINGLE (Line Drive, 89S) Scott Martin scores Adrian Torres to third Ryan Doerr to second | | Batting: SHB Mike Hockenbury | 0-0: Ball 1-0: Ball 2-0: Ball 3-0: Base on Balls Adrian Torres scores Ryan Doerr to third Dan Hall to second | | Batting: RHB David Wolf | 0-0: Called Strike 0-1: Grounds into double play, 5-2-3 (Groundball, 56S) Dan Hall to third Mike Hockenbury to second | | Pinch Hitting: RHB James Brian | 0-0: Called Strike 0-1: Ball 1-1: Foul Ball, location: 2F 1-2: Ball 2-2: Ball 3-2: Strikes out looking | | Bottom of the 9th over - 3 runs, 2 hits, 0 errors, 2 left on base; Florida State 4 - Georgia 3 | |